 Dungeon Crawl Stone Soup version 0.26-a0-642-g67e99244d3 (webtiles) character file.

Game seed: 9704065953263672107

1630 MrRokkomies the Zephyrmancer (level 8, -2/48 HPs)
             Began as a Tengu Air Elementalist on Sept 23, 2020.
             Was an Initiate of Gozag.
             Slain by an orc warrior
             ... wielding a +0 short sword
              (23 damage)
             ... on level 6 of the Dungeon.
             The game lasted 00:21:03 (8420 turns).

MrRokkomies the Zephyrmancer (TeAE)                 Turns: 8420, Time: 00:21:03

Health: -2/48      AC:  3    Str:  8    XL:     8   Next: 97%
Magic:  12/12      EV: 15    Int: 18    God:    Gozag
Gold:   757        SH:  0    Dex: 15    Spells: 1/11 levels left

rFire    . . .     SeeInvis .   h - +0 dagger (freeze)
rCold    . . .     Faith    .   (no shield)
rNeg     . . .     Spirit   .   a - +1 robe
rPois    +         Reflect  .   (helmet restricted)
rElec    .         Harm     .   (no cloak)
rCorr    .         Rampage  .   (no gloves)
MR       .....                  (boots unavailable)
Stlth    ++........             (no amulet)
HPRegen  0.16/turn              (no ring)
MPRegen  0.13/turn              y - ring of poison resistance

@: no status effects
A: beak, talons 3, able to fly
a: Fly, Potion Petition, Call Merchant, Bribe Branch, Renounce Religion


You were on level 6 of the Dungeon.
You worshipped Gozag.
Gozag was pleased with you.
You visited 1 branch of the dungeon, and saw 6 of its levels.

You collected 792 gold pieces.
You paid 35 gold pieces to Gozag.

Inventory:

Hand Weapons
 f - a +0 dagger
 h - a +0 dagger of freezing (weapon)
Missiles
 p - 6 javelins
 r - 3 poisoned darts
 s - 6 curare-tipped darts (quivered)
Armour
 a - a +1 robe (worn)
Jewellery
 y - a ring of poison resistance (right hand)
Wands
 u - a wand of flame (41)
Scrolls
 b - 4 scrolls of teleportation
 c - 3 scrolls of amnesia
 i - 5 scrolls of magic mapping
 m - a scroll of immolation
 t - a scroll of enchant armour
 v - 2 scrolls of blinking
 w - 4 scrolls of identify
Potions
 d - 2 potions of mutation
 e - a potion of ambrosia {unknown}
 g - a potion of resistance
 j - a potion of lignification
 k - 2 potions of stabbing
 l - 3 potions of brilliance {unknown}
 n - 2 potions of might {unknown}
 o - 8 potions of curing {unknown}
 q - a potion of haste {unknown}
 x - 2 potions of berserk rage {unknown}
 z - a potion of heal wounds {unknown}


   Skills:
 + Level 4.3 Fighting
 + Level 5.2 Dodging
 - Level 2.0 Stealth
 - Level 2.0 Spellcasting
 * Level 8.4 Conjurations
 * Level 9.2 Air Magic


You had one spell level left.
You knew the following spells:

 Your Spells              Type           Power        Failure   Level
a - Shock                 Conj/Air       ####         1%          1
b - Swiftness             Air            #####...     1%          2
c - Static Discharge      Conj/Air       ####....     1%          3
d - Airstrike             Air            #####.....   4%          4

Your spell library contained the following spells:

 Spells                   Type           Power        Failure   Level
 Lightning Bolt           Conj/Air       ####......   14%         5
 Confusing Touch          Hex            #.......     47%         3
 Gell's Gravitas          Tloc           #.........   47%         3
 Petrify                  Tmut/Erth      #.......     87%         4
 Metabolic Englaciation   Hex/Ice        #.........   99%         5
 Yara's Violent Unravell  Hex/Tmut       #.........   99%         5


Dungeon Overview and Level Annotations

Branches:
Dungeon (6/15)             Temple (0/1) D:4

Altars:
Ashenzari
Cheibriados
Dithmenos
Gozag
Hepliaklqana
Nemelex Xobeh
Ru
Sif Muna
Uskayaw
Yredelemnul


Innate Abilities, Weirdness & Mutations

You have a beak for a mouth.
You have claws for feet.
You can fly continuously.


Message History

Blink to where?
Press: ? - help, Dir - move target cursor, f - you
Okay, then.
Unknown command.
Unknown command.
There is an open door here.
Things that are here:
a +0 morningstar; a +0 chain mail You see here a +0 hand axe.
There is a stone staircase leading up here.
Casting: Static Discharge (safe; 1% risk of failure)
Confirm with . or Enter, or press ? or * to list all spells.
You feel quick. The orc warrior closely misses you.
You start to feel a little slower.
You feel sluggish.
You start to feel a little faster.
You no longer feel sluggish.
The orc warrior hits you with a +0 short sword!!
You die...
Your body crumbles into a pile of gold.

........### .## #.##.......#
#....####_# .. #.##.......####
#....####.### #. #.##.......#...
#.....#.##..###.###.##...........
......#..##.#....)...)...).....>.
......###.#.#.#..##.##...........
....#.####.##.#..##.##...........
....#.##.##.#.#..##.##...........
....#.#.#.#.#.#.@##.##...........
....#.#.##..#.#.o##.##...........
....#.##.####.#..##.#########.<..
.......##.##..#..##..............
#####......##.#..############....
.................######## #####
###########.#....#....... ##
#.#.#....# .# #.#.#....#


You could see an orc warrior.

Vanquished Creatures
  Pikel (D:4)
  An ice beast (D:5)
  An orc warrior (D:6)
  An ogre (D:4)
  A bullfrog (D:6)
  A scorpion (D:4)
  An electric eel (D:6)
  A howler monkey (D:6)
  4 orc priests
  A centaur skeleton (D:6)
  A hound (D:6)
  2 orc wizards
  2 jellies
  A bullfrog skeleton (D:5)
  Terence (D:2)
  3 worker ants
  A hound skeleton (D:4)
  A worker ant zombie (D:6)
  3 gnolls (D:3)
  8 adders
  A howler monkey skeleton (D:5)
  3 shadow imps
  3 white imps
  An ufetubus (D:5)
  An adder zombie (D:5)
  3 worms (D:2)
  5 dart slugs
  2 leopard geckos (D:6)
  26 orcs
  7 bats
  6 giant cockroaches
  7 goblins
  4 hobgoblins
  10 jackals
  3 quokkas
  3 ball pythons
  5 frilled lizards
  A jackal skeleton (D:4)
  6 kobolds
  8 rats
  A spectral orc (D:3)
142 creatures vanquished.

Notes
Turn   | Place    | Note
-------+----------+-------------------------------------------
     0 | D:1      | MrRokkomies the Tengu Air Elementalist began the quest for
                  | the Orb.
     0 | D:1      | Reached XP level 1. HP: 10/10 MP: 4/4
   167 | D:1      | Reached XP level 2. HP: 15/15 MP: 1/6
   224 | D:1      | Learned a level 2 spell: Swiftness
   567 | D:1      | Reached XP level 3. HP: 11/20 MP: 5/7
  1305 | D:2      | Reached skill level 1 in Fighting
  1876 | D:2      | Reached XP level 4. HP: 23/25 MP: 8/8
  2004 | D:2      | Noticed Terence
  2011 | D:2      | Killed Terence
  2011 | D:2      | Reached skill level 5 in Air Magic
  2805 | D:2      | Gained mutation: You can fly continuously. [Tengu growth]
  2805 | D:2      | Reached XP level 5. HP: 27/29 MP: 9/9
  3140 | D:2      | Learned a level 3 spell: Static Discharge
  3417 | D:3      | Found a shadowy altar of Dithmenos.
  3612 | D:3      | Found an opulent altar of Gozag.
  3656 | D:3      | Became a worshipper of Gozag Ym Sagoz the Greedy
  3678 | D:3      | Found a hide-covered altar of Uskayaw.
  3715 | D:3      | Found a shimmering blue altar of Sif Muna.
  3848 | D:3      | Reached XP level 6. HP: 16/35 MP: 6/10
  3852 | D:3      | Reached skill level 6 in Air Magic
  4091 | D:3      | Found a sacrificial altar of Ru.
  4123 | D:3      | Found a sparkling altar of Nemelex Xobeh.
  4310 | D:3      | Found a basalt altar of Yredelemnul.
  4630 | D:3      | Found a hazy altar of Hepliaklqana.
  4636 | D:3      | Found a snail-covered altar of Cheibriados.
  4818 | D:4      | Reached skill level 5 in Conjurations
  4980 | D:4      | Reached XP level 7. HP: 40/40 MP: 6/11
  5037 | D:4      | Noticed Pikel
  5049 | D:4      | Killed Pikel
  5049 | D:4      | Reached skill level 7 in Air Magic
  5049 | D:4      | Reached XP level 8. HP: 22/46 MP: 0/12
  5294 | D:4      | Found a staircase to the Ecumenical Temple.
  5730 | D:4      | Learned a level 4 spell: Airstrike
  6022 | D:5      | Entered Level 5 of the Dungeon
  6193 | D:5      | Reached skill level 8 in Air Magic
  7666 | D:6      | Reached skill level 5 in Dodging
  7807 | D:6      | Found an opulent altar of Gozag.
  8008 | D:6      | Found a shattered altar of Ashenzari.
  8129 | D:6      | Reached skill level 9 in Air Magic
  8420 | D:6      | Slain by an orc warrior

Illustrated notes

Levels and vault maps discovered:
D:1:      elethiomel_arrival_infinity_welcomes_careful_drivers,
          layout_loops_ring
D:2:      layout_basic, uniq_terence
D:3:      layout_loops_ring, overflow_temple_1_default,
          nicolae_overflow_crystal_walls, overflow_temple_1_default,
          lemuel_round_altar, yredelemnul_forgotten_temple_becter,
          eat_drink_and_be_merry_uskayaw, nicolae_overflow_hidden_temple,
          overflow_temple_1_default,
          nicolae_gozag_cash_rules_everything_around_me
D:4:      layout_loops_ring, minmay_temple_entry_sparse_star, uniq_pikel
D:5:      layout_rooms
D:6:      layout_basic, marbit_many_paths, basic_altar, minivault_14

Skill      XL: |  1  2  3  4  5  6  7  8 |
---------------+-------------------------+-----
Conjurations   | 2 3 4 5 6 8 |  8.4
Fighting       | 1 2 3 4 |  4.3
Air Magic      | 5 6 7 9 |  9.2
Dodging        | 3 4 5 |  5.2
Stealth        | |  2.0
Spellcasting   | |  2.0

Action                   |  1- 3 |  4- 6 |  7- 9 || total
-------------------------+-------+-------+-------++-------
Melee: Dagger            |    28 |    92 |   104 ||   224
       Unarmed           |     5 |       |       ||     5
       Kick              |     8 |    25 |    22 ||    55
       Peck              |     6 |    10 |    12 ||    28
Throw: Dart              |       |     1 |     4 ||     5
 Cast: Shock             |    39 |    62 |    50 ||   151
       Airstrike         |       |       |    19 ||    19
       Static Discharge  |       |       |    11 ||    11
       Swiftness         |       |       |     1 ||     1
 Abil: Evoke Flight      |       |     1 |       ||     1
  Use: Scroll            |     4 |     7 |     2 ||    13
 Stab: Sleeping          |     1 |     4 |     5 ||    10
       Distracted        |       |     1 |       ||     1
Armor: Robe              |     4 |     6 |     4 ||    14
Dodge: Dodged            |    33 |    68 |    99 ||   200

Table legend: (Time is in decaauts)
 A = Elapsed time spent in this place.
 B = Non-inter-level travel time spent in this place.
 C = Inter-level travel time spent in this place.
 D = Time resting spent in this place.
 E = Time spent auto-exploring this place.
 F = Levels seen in this place.
 G = Mean time per level.
                   A        B        C        D        E       F      G
               +--------+--------+--------+--------+--------+-----+--------+
         Total |   8425 |   8279 |    146 |   1324 |   5913 |   6 | 1404.2 |
       Dungeon |   8425 |   8279 |    146 |   1324 |   5913 |   6 | 1404.2 |
               +--------+--------+--------+--------+--------+-----+--------+

Top non-repeatable levels by time:
     D:2: 1885 daAuts
     D:3: 1611 daAuts
     D:5: 1317 daAuts
     D:1: 1287 daAuts
     D:4: 1238 daAuts
     D:6: 1085 daAuts
